 Dungeon Crawl Stone Soup version 0.21.1-1-g345015f (webtiles) character file.

5 shakethe the Chucker (level 1, -1/22 HPs)
             Began as an Ogre Hunter on Feb 22, 2018.
             Slain by a kobold
             ... wielding a +0 whip
              (5 damage)
             ... on level 1 of the Dungeon.
             The game lasted 00:01:26 (353 turns).

shakethe the Chucker (Ogre Hunter)                   Turns: 353, Time: 00:01:27

Health: -1/22      AC:  3    Str: 15    XL:     1   Next: 80%
Magic:  0/1        EV: 10    Int: 12    God:
Gold:   4          SH:  0    Dex:  9    Spells: 0/0 levels left

rFire    . . .     SeeInvis .   a - +0 short sword
rCold    . . .     Gourm    .   (no shield)
rNeg     . . .     Faith    .   b - +0 robe
rPois    .         Spirit   +   (helmet restricted)
rElec    .         Reflect  .   e - scarf {Spirit}
rCorr    .         Harm     .   (gloves unavailable)
MR       .....                  (boots unavailable)
Stlth    +.........             (no amulet)
HPRegen  0.07/turn              (no ring)
MPRegen  0.07/turn              (no ring)

@: no status effects
A: large, unfitting armour, tough skin 1
a: no special abilities


You were on level 1 of the Dungeon.
You were not hungry.

You visited 1 branch of the dungeon, and saw 1 of its levels.

You collected 4 gold pieces.

Inventory:

Hand Weapons
 a - a +0 short sword (weapon)
Missiles
 d - 2 throwing nets {=f, !d}
 i - 2 stones (quivered)
Armour
 b - a +0 robe (worn)
 e - a scarf of spirit shield (worn)
   (You found it on level 1 of the Dungeon)
Scrolls
 g - a scroll of remove curse {unknown}
Comestibles
 f - 2 rations


   Skills:
 + Level 2.9 Fighting
 + Level 4.0 Throwing
 + Level 1.9 Dodging
 - Level 0.8 Stealth


You couldn't memorise any spells.
You didn't know any spells.

Dungeon Overview and Level Annotations

Branches:
Dungeon (1/15)

Altars:


Innate Abilities, Weirdness & Mutations

You are too large for most types of armour.
You have tough skin. (AC +1)


Message History

You throw a large rock {!d}. The large rock {!d} hits the kobold!
You kill the kobold!
The kobold hits you but does no damage. x2
Aim: a kobold, wielding a short sword You throw a large rock {!d}.
The large rock {!d} barely misses the kobold.
The kobold closely misses you. x2
Firing (i - inventory): No suitable missiles.
Aim: a kobold, wielding a short sword
Okay, then.
Firing (i - inventory): No suitable missiles.
Aim: a kobold, wielding a short sword
Okay, then.
You hit the kobold.
You kill the kobold!
c - a large rock {!d}
Things that are here:
a dagger; a kobold corpse
c - 2 large rocks {!d} (gained 1)
c - 4 large rocks {!d} (gained 2);
g - a scroll labeled CIHIOLE SETEA You see here a stone.
A dart slug comes into view.
You see here 4 gold pieces.
You see here a stone.
Aim: a dart slug (clinging)
You throw a large rock {!d}.
The large rock {!d} hits the dart slug but does no damage.
The dart slug launches a dart at you. The slug dart misses you.
Aim: a dart slug (clinging)
You throw a large rock {!d}. The large rock {!d} hits the dart slug!
You kill the dart slug!
c - 3 large rocks {!d} (gained 1)
c - 4 large rocks {!d} (gained 1)
You see here a dart slug corpse.
Things that are here:
a dagger; a kobold corpse
Things that are here:
a short sword; a kobold corpse Really walk into a travel-excluded area? [Y]es or [N]o only, please.
Really walk into a travel-excluded area? [Y]es or [N]o only, please.
Really walk into a travel-excluded area?
Okay, then.
You see here a dart slug corpse.
You butcher the dart slug corpse.
h - 2 chunks of flesh {@w0@w0} You see here a stone.
You now have 4 gold pieces.
There are no items here.
You see here a stone.
i - a stone
i - 2 stones (gained 1)
f - 2 rations (gained 1)
You start resting.
All of the chunks of flesh in your inventory have rotted away.
Health restored: 22 A giant cockroach comes into view.
A kobold comes into view. It is wielding a whip.
The kobold shouts!
The giant cockroach barely misses you.
You hit the giant cockroach. The giant cockroach closely misses you.
You hit the giant cockroach but do no damage.
The giant cockroach barely misses you. The giant cockroach bites you.
You take 1 damage, and have 21/22 hp.
You hit the giant cockroach but do no damage.
The kobold hits you with a whip.
The giant cockroach bites you but does no damage.
The kobold hits you with a whip.
You take 7 damage, and have 14/22 hp.
MASSIVE DAMAGE!!
You now have 0/1 mp.
Aim: a kobold, wielding a whip You throw a large rock {!d}.
The large rock {!d} closely misses the kobold.
The giant cockroach bites you. The kobold hits you but does no damage.
The giant cockroach barely misses you.
You take 1 damage, and have 13/22 hp.
Aim: a kobold, wielding a whip You throw a large rock {!d}.
The large rock {!d} misses the kobold.
The giant cockroach bites you but does no damage.
The kobold hits you but does no damage. The giant cockroach closely misses you.
The kobold misses you.
Aim: a kobold, wielding a whip You throw a large rock {!d}.
The large rock {!d} barely misses the kobold.
The giant cockroach bites you but does no damage.
The kobold hits you with a whip. The giant cockroach misses you.
The kobold hits you with a whip.
* * * LOW HITPOINT WARNING * * *
You take 7 damage, and have 6/22 hp.
MASSIVE DAMAGE!!
Aim: a kobold, wielding a whip You throw a large rock {!d}.
The large rock {!d} closely misses the kobold.
The giant cockroach bites you.
* * * LOW HITPOINT WARNING * * *
The kobold hits you with a whip.
You die...

# #..## # ###.
#...(# ....!.#
......
.#)..#####....#
....... $#...#
#.#..##.....#
#..#.#......#
#...sK#
#######..@.##
........#...#
#########.###!....#
#.).........#+#....#
#.).........# ..##.
#...#..#..#.# .#
#........≈..+ #
#<.......§8.#
#......).§§.+


You could see a giant cockroach and a kobold.

Vanquished Creatures
  A dart slug (D:1)
  A goblin (D:1)
  2 kobolds (D:1)
4 creatures vanquished.

Notes
Turn   | Place    | Note
-------+----------+-------------------------------------------
     0 | D:1      | shakethe the Ogre Hunter began the quest for the Orb.
     0 | D:1      | Reached XP level 1. HP: 22/22 MP: 1/1
    65 | D:1      | HP: 2/22 [kobold/short sword (5)]
   353 | D:1      | HP: 4/22 [giant cockroach (2)]
   353 | D:1      | Slain by a kobold

Action                   || total
-------------------------++-------
Melee: Short sword       ||     9
Throw: Large rock        ||    11
Armor: Robe              ||    11
Dodge: Dodged            ||    22

Vault maps used:
D:1:      shiori_arrival_oz, minivault_23

Table legend:
 A = Turns spent in this place as a percentage of turns spent in the entire game.
 B = Non-inter-level travel turns spent in this place as a percentage of non-inter-level travel turns spent in the entire game.
 C = Inter-level travel turns spent in this place as a percentage of turns spent in this place.
 D = Turns resting spent in this place as a percentage of non-inter-level travel turns spent in this place.
 E = Turns spent auto-exploring this place as a percentage of non-inter-level travel turns spent in this place.
 F = Non-inter-level travel turns spent in this place divided by the number of levels of this place that you've seen.
                   A       B       C       D       E      F
               +-------+-------+-------+-------+-------+----------------------
         Total | 100.0 | 100.0 |   0.0 |  55.8 |   0.8 | 353.0
       Dungeon | 100.0 | 100.0 |   0.0 |  55.8 |   0.8 | 353.0
               +-------+-------+-------+-------+-------+----------------------

Table legend:
 A = Kills in this place as a percentage of kills in entire the game.
 B = Kills by you in this place as a percentage of kills by you in the entire game.
 C = Kills by friends in this place as a percentage of kills by friends in the entire game.
 D = Other kills in this place as a percentage of other kills in the entire game.
 E = Experience gained in this place as a percentage of experience gained in the entire game.
 F = Experience gained in this place divided by the number of levels of this place that you have seen.
                   A       B       C       D       E      F
               +-------+-------+-------+-------+-------+----------------------
         Total | 100.0 | 100.0 |   N/A |   N/A | 100.0 |   8.0
       Dungeon | 100.0 | 100.0 |   N/A |   N/A | 100.0 |   8.0
               +-------+-------+-------+-------+-------+----------------------
